 Dungeon Crawl Stone Soup version 0.25-a0-516-g7d600cd9ad (webtiles) character file.

Game seed: 17381891305797644115, levelgen mode: deterministic

285 ReteAZ the Fighter (level 6, 0/57 HPs)
             Began as a Gnoll Wanderer on Feb 17, 2020.
             Slain by Sigmund
             ... wielding a +0 scythe
              (8 damage)
             ... on level 4 of the Dungeon.
             The game lasted 00:03:51 (2780 turns).

ReteAZ the Fighter (Gnoll Wanderer)                 Turns: 2780, Time: 00:03:52

Health: 0/57       AC:  5    Str: 19    XL:     6   Next: 29%
Magic:  8/8        EV: 13    Int: 17    God:
Gold:   212        SH:  0    Dex: 11    Spells: 8/8 levels left

rFire    . . .     SeeInvis .   j - +2 short sword (speed)
rCold    . . .     Gourm    .   (no shield)
rNeg     . . .     Faith    .   i - +0 ring mail
rPois    +         Spirit   .   (no helmet)
rElec    .         Reflect  .   o - scarf {repulsion}
rCorr    .         Harm     .   (no gloves)
MR       .....                  (no boots)
Stlth    +.........             (no amulet)
HPRegen  0.19/turn              w - ring of poison resistance
MPRegen  0.11/turn              m - +2 ring of intelligence

@: repel missiles
A: distributed training, fangs 1, strong nose
a: no special abilities


You were on level 4 of the Dungeon.
You were not hungry.

You visited 1 branch of the dungeon, and saw 4 of its levels.

You collected 212 gold pieces.

Inventory:

Hand Weapons
 a - a +2 dagger
 d - a +0 quarterstaff
 j - a +2 short sword of speed (weapon)
 q - a +0 great sword
Missiles
 y - 3 boomerangs (quivered)
Armour
 e - a +0 robe
 g - a +0 leather armour
 i - a +0 ring mail (worn)
 o - a scarf of repulsion (worn)
Jewellery
 m - a +2 ring of intelligence (right hand)
 w - a ring of poison resistance (left hand)
 x - an uncursed ring of wizardry
 z - an uncursed ring of resist corrosion {unknown}
Scrolls
 h - a scroll of teleportation {unknown}
 k - 3 scrolls of remove curse {unknown}
 n - 2 scrolls of enchant weapon {unknown}
 t - a scroll of magic mapping {unknown}
 v - a scroll of noise {unknown}
 A - a scroll of identify {unknown}
 B - a scroll of immolation {unknown}
Potions
 b - 3 potions of haste
 c - a potion of curing
 r - a potion of flight {unknown}
 u - a potion of magic {unknown}
Comestibles
 f - 7 rations


   Skills:
 + Level 8.7 Fighting
 + Level 1.8 Short Blades
 + Level 1.8 Long Blades
 + Level 1.8 Axes
 + Level 1.8 Maces & Flails
 + Level 1.8 Polearms
 + Level 3.2 Staves
 + Level 1.8 Slings
 + Level 1.8 Bows
 + Level 1.8 Crossbows
 + Level 1.8 Throwing
 + Level 1.8 Armour
 + Level 4.9 Dodging
 + Level 3.0 Stealth
 + Level 3.2 Shields
 + Level 1.8 Unarmed Combat
 + Level 1.8 Spellcasting
 + Level 1.4 Conjurations
 + Level 1.4 Hexes
 + Level 1.4 Charms
 + Level 1.4 Summonings
 + Level 1.4 Necromancy
 + Level 1.4 Translocations
 + Level 1.4 Transmutations
 + Level 1.4 Fire Magic
 + Level 1.4 Ice Magic
 + Level 1.4 Air Magic
 + Level 1.4 Earth Magic
 + Level 1.4 Poison Magic
 + Level 2.0 Invocations
 + Level 3.2 Evocations


You had 8 spell levels left.
You didn't know any spells.
Your spell library was empty.

Dungeon Overview and Level Annotations

Branches:
Dungeon (4/15)
 Temple: D:4-7

Altars:
Gozag

Annotations:
D:3 3 runed translucent doors, ICC's ghost, weakling VSFi
D:4 Sigmund


Innate Abilities, Weirdness & Mutations

Your experience applies equally to all skills.
You have very sharp teeth.
Your uncanny sense of smell can sniff out nearby items.


Message History

The orc hits you but does no damage.
You hit the orc.
You kill the orc!
The orc hits you but does no damage. Something hits you.
You hit the orc.
The orc is almost dead.
The orc misses you.
You hit the orc.
You kill the orc!
You hit something but do no damage. Something barely misses you.
You puncture something! Your bite misses something. You miss something.
Something hits you!
* * * LOW HITPOINT WARNING * * *
You closely miss something. You bite something.
You hit something but do no damage. You puncture something!
Your bite misses something. Something hits you!
* * * LOW HITPOINT WARNING * * *
You barely miss something. You miss something. Something hits you!
You die...

#.#.##.##.# . #.
#.#.#..##>#.. ##### #.#
#.#.#..##.... ...... #.#
#.#.#..##.#..
......##.### #.#.#..
..... ..........#
#.#.#.###.#.. ..........#
#.#.#.....#..
#......)#####............
#......{@)....#.#..##....
#......)#######.#..##.###
#.......# #.#......
#.......# #.#.######
#....(.....# ....#
#..........# #.#.#
#..........# #...#
#....####### #####


There were no monsters in sight!

Vanquished Creatures
  A slave (D:4)
  2 orc priests
  A hound (D:2)
  A worker ant (D:2)
  3 adders
  4 gnolls (D:2)
  An adder skeleton (D:2)
  2 worms
  4 dart slugs
  4 leopard geckos (D:1)
  12 orcs
  2 ball pythons
  3 bats
  6 giant cockroaches
  5 hobgoblins
  2 jackals (D:2)
  3 quokkas (D:3)
  3 frilled lizards
  6 goblins
  9 kobolds
  9 rats
83 creatures vanquished.

Notes
Turn   | Place    | Note
-------+----------+-------------------------------------------
     0 | D:1      | ReteAZ the Gnoll Wanderer began the quest for the Orb.
     0 | D:1      | ReteAZ set off with the following items: a +2 dagger, a
                  | potion of haste, a potion of curing, a +0 quarterstaff, a
                  | +0 robe, a ration
     0 | D:1      | Reached XP level 1. HP: 26/26 MP: 2/2
   124 | D:1      | Reached XP level 2. HP: 33/33 MP: 3/3
   301 | D:1      | Reached XP level 3. HP: 35/38 MP: 4/4
   742 | D:2      | Reached skill level 1 in Short Blades
   742 | D:2      | Reached skill level 1 in Long Blades
   742 | D:2      | Reached skill level 1 in Axes
   742 | D:2      | Reached skill level 1 in Maces & Flails
   742 | D:2      | Reached skill level 1 in Polearms
   742 | D:2      | Reached skill level 1 in Slings
   742 | D:2      | Reached skill level 1 in Bows
   742 | D:2      | Reached skill level 1 in Crossbows
   742 | D:2      | Reached skill level 1 in Throwing
   742 | D:2      | Reached skill level 1 in Armour
   742 | D:2      | Reached skill level 1 in Unarmed Combat
   742 | D:2      | Reached skill level 1 in Spellcasting
   742 | D:2      | Reached skill level 1 in Invocations
   742 | D:2      | Reached XP level 4. HP: 37/45 MP: 4/6
   878 | D:2      | Reached skill level 1 in Conjurations
   878 | D:2      | Reached skill level 1 in Hexes
   878 | D:2      | Reached skill level 1 in Charms
   878 | D:2      | Reached skill level 1 in Summonings
   878 | D:2      | Reached skill level 1 in Necromancy
   878 | D:2      | Reached skill level 1 in Translocations
   878 | D:2      | Reached skill level 1 in Transmutations
   878 | D:2      | Reached skill level 1 in Fire Magic
   878 | D:2      | Reached skill level 1 in Ice Magic
   878 | D:2      | Reached skill level 1 in Air Magic
   878 | D:2      | Reached skill level 1 in Earth Magic
   878 | D:2      | Reached skill level 1 in Poison Magic
  1268 | D:2      | Reached XP level 5. HP: 51/51 MP: 7/7
  2105 | D:3      | Reached XP level 6. HP: 50/57 MP: 8/8
  2397 | D:3      | Found a runed translucent gate.
  2397 | D:3      | Found a runed translucent gate.
  2397 | D:3      | Found an opulent altar of Gozag.
  2397 | D:3      | Found a runed translucent gate.
  2398 | D:3      | Noticed ICC's ghost (weakling VSFi)
  2545 | D:4      | Noticed a slave
  2583 | D:4      | Killed a slave
  2704 | D:4      | Noticed a slave
  2728 | D:4      | Noticed Sigmund
  2763 | D:4      | HP: 1/57 [something (8)]
  2780 | D:4      | Slain by Sigmund

Levels and vault maps discovered:
D:1:      minmay_arrival_stone_box, layout_basic
D:2:      layout_basic
D:3:      layout_loops_cross, first_ration, ebering_ghost_gozag,
          minmay_close_crescents
D:4:      layout_basic, minmay_temple_entry_proselytizer, serial_shops, shop,
          guppyfry_early_lair_pool, uniq_sigmund, uniq_pikel

Skill      XL: |  1  2  3  4  5  6 |
---------------+-------------------+-----
Short Blades   | 1 |  1.8
Long Blades    | 1 |  1.8
Axes           | 1 |  1.8
Maces & Flails | 1 |  1.8
Polearms       | 1 |  1.8
Slings         | 1 |  1.8
Bows           | 1 |  1.8
Crossbows      | 1 |  1.8
Throwing       | 1 |  1.8
Armour         | 1 |  1.8
Unarmed Combat | 1 |  1.8
Spellcasting   | 1 |  1.8
Invocations    | 1 2 |  2.0
Conjurations   | 1 |  1.4
Hexes          | 1 |  1.4
Charms         | 1 |  1.4
Summonings     | 1 |  1.4
Necromancy     | 1 |  1.4
Translocations | 1 |  1.4
Transmutations | 1 |  1.4
Fire Magic     | 1 |  1.4
Ice Magic      | 1 |  1.4
Air Magic      | 1 |  1.4
Earth Magic    | 1 |  1.4
Poison Magic   | 1 |  1.4
Staves         | 3 |  3.2
Shields        | 3 |  3.2
Evocations     | 3 |  3.2
Stealth        | 3 |  3.0
Fighting       | |  8.7
Dodging        | |  4.9

Action                   |  1- 3 |  4- 6 || total
-------------------------+-------+-------++-------
Melee: Dagger            |    94 |    57 ||   151
       Bite              |    11 |    15 ||    26
       Great sword       |       |    35 ||    35
       Short sword       |       |   102 ||   102
       Punch             |       |     1 ||     1
  Use: Potion            |       |     5 ||     5
 Stab: Sleeping          |       |     2 ||     2
  Eat: Chunk             |       |     6 ||     6
Armor: Leather armour    |     1 |       ||     1
       Ring mail         |    32 |    41 ||    73
Dodge: Dodged            |    81 |   118 ||   199
       Deflected         |       |     1 ||     1
       Rpst.: Great sword |       |    18 ||    18

Table legend:
 A = Non-vault XP
 B = Vault XP
 C = Vault XP percentage of total XP
 D = Non-vault monster count
 E = Vault monster count
 F = Vault count percentage of total count
                 A         B        C        D         E       F
            +---------+---------+-------+---------+---------+-------
      Total |     380 |      28 |   6.9 |      79 |       3 |   3.7
            +---------+---------+-------+---------+---------+-------
        D:1 |      44 |       0 |   0.0 |      23 |       0 |   0.0
        D:2 |     178 |       0 |   0.0 |      28 |       0 |   0.0
        D:3 |      90 |      28 |  23.7 |      22 |       3 |  12.0
        D:4 |      68 |       0 |   0.0 |       6 |       0 |   0.0
            +---------+---------+-------+---------+---------+-------
